[ PARTIDA AOE2 · #468052959 ]
UnrankedBizantinos vs Lithuanians
[ ANÁLISIS DE REPETICIÓN · EXTRAÍDO DE LA PARTIDA GRABADA ]
Feudal
8:51
Castillos
19:06
Imperial
36:02
| APM promedio | 66.7 |
| APM pico | 102 |
| eAPM promedio | 31.9 |
| Aldeanos / militares | 189 / 340 |
Foco
⚔️ 32.8% · 🌾 67.2%
Camel Scout ×322 · Trebuchet (Packed) ×8 · Spearman ×5 · Scout Cavalry ×4 · Knight ×1
Feudal
8:58
Castillos
21:53
Imperial
44:15
| APM promedio | 53.1 |
| APM pico | 89 |
| eAPM promedio | 24.5 |
| Aldeanos / militares | 184 / 182 |
Foco
⚔️ 37.2% · 🌾 62.8%
Knight ×165 · Scout Cavalry ×14 · Monk ×2 · Spearman ×1
Feudal
8:52
Castillos
23:06
Imperial
40:01
| APM promedio | 63.2 |
| APM pico | 117 |
| eAPM promedio | 27.7 |
| Aldeanos / militares | 166 / 214 |
Foco
⚔️ 50.2% · 🌾 49.8%
Knight ×165 · Scout Cavalry ×27 · Leitis ×18 · Monk ×2 · Trebuchet (Packed) ×2
Feudal
10:31
Castillos
26:15
Imperial
42:55
| APM promedio | 84.7 |
| APM pico | 171 |
| eAPM promedio | 52.2 |
| Aldeanos / militares | 174 / 90 |
Foco
⚔️ 67.9% · 🌾 32.1%
Archer ×41 · Genitour ×25 · Camel Archer ×14 · Battering Ram ×8 · Spearman ×2
Feudal
10:22
Castillos
23:25
Imperial
—
| APM promedio | 38.8 |
| APM pico | 114 |
| eAPM promedio | 18.0 |
| Aldeanos / militares | 94 / 55 |
Foco
⚔️ 36.2% · 🌾 63.8%
Archer ×42 · Skirmisher ×12 · Spearman ×1
Feudal
9:05
Castillos
21:47
Imperial
35:36
| APM promedio | 61.2 |
| APM pico | 100 |
| eAPM promedio | 22.4 |
| Aldeanos / militares | 148 / 164 |
Foco
⚔️ 34.6% · 🌾 65.4%
Archer ×158 · Spearman ×4 · Battering Ram ×2
Feudal
9:28
Castillos
24:24
Imperial
—
| APM promedio | 45.7 |
| APM pico | 86 |
| eAPM promedio | 18.6 |
| Aldeanos / militares | 115 / 185 |
Foco
⚔️ 39.1% · 🌾 60.9%
Cavalry Archer ×103 · Archer ×50 · Skirmisher ×31 · Spearman ×1
Feudal
8:58
Castillos
22:34
Imperial
41:17
| APM promedio | 48.3 |
| APM pico | 91 |
| eAPM promedio | 22.5 |
| Aldeanos / militares | 150 / 210 |
Foco
⚔️ 44.6% · 🌾 55.4%
Steppe Lancer ×201 · Scout Cavalry ×9
Mapa de la partida
Recursos iniciales + cada clic de construcción. Líneas = muros · curvas = relieve. ◆ oro · ⬟ piedra · ● bayas · ✦ reliquia · ◌ hueco del cierre
Inputs por minuto
— 灯笼 - - 佐久奈·梅墨瓦
Build order — 灯笼
Primeras 150 de 549 acciones detectadas
| 0:01 | Crear | Villager (Male) |
| 0:01 | Crear | Villager (Male) |
| 0:02 | Crear | Villager (Male) |
| 0:03 | Construir | House |
| 0:04 | Construir | House |
| 0:30 | Crear | Villager (Male) |
| 0:30 | Crear | Villager (Male) |
| 1:31 | Crear | Villager (Male) |
| 1:31 | Crear | Villager (Male) |
| 1:50 | Construir | Lumber Camp |
| 1:53 | Crear | Villager (Male) |
| 1:53 | Crear | Villager (Male) |
| 2:10 | Crear | Villager (Male) |
| 2:40 | Crear | Villager (Male) |
| 2:40 | Crear | Villager (Male) |
| 3:10 | Crear | Villager (Male) |
| 3:10 | Crear | Villager (Male) |
| 3:10 | Crear | Villager (Male) |
| 3:44 | Crear | Villager (Male) |
| 3:44 | Crear | Villager (Male) |
| 3:44 | Crear | Villager (Male) |
| 3:54 | Construir | House |
| 4:10 | Crear | Villager (Male) |
| 4:10 | Crear | Villager (Male) |
| 4:34 | Crear | Villager (Male) |
| 4:34 | Crear | Villager (Male) |
| 4:34 | Crear | Villager (Male) |
| 4:42 | Crear | Villager (Male) |
| 4:46 | Construir | Mill |
| 4:48 | Crear | Villager (Male) |
| 4:58 | Crear | Villager (Male) |
| 4:58 | Crear | Villager (Male) |
| 5:59 | Crear | Villager (Male) |
| 5:59 | Crear | Villager (Male) |
| 6:39 | Investigar | Feudal Age |
| 7:55 | Construir | Barracks |
| 7:58 | Construir | House |
| 8:16 | Crear | Villager (Male) |
| 8:51 | Edad | Edad Feudal |
| 8:55 | Construir | Stable |
| 8:59 | Investigar | Double-Bit Axe |
| 8:59 | Investigar | Double-Bit Axe |
| 9:00 | Crear | Villager (Male) |
| 9:20 | Construir | House |
| 9:29 | Crear | Villager (Male) |
| 9:33 | Construir | Palisade Wall |
| 9:37 | Crear | Scout Cavalry |
| 9:37 | Crear | Scout Cavalry |
| 9:40 | Crear | Villager (Male) |
| 9:43 | Construir | Farm |
| 9:52 | Construir | Farm |
| 9:58 | Construir | Palisade Wall |
| 10:05 | Construir | House |
| 10:12 | Crear | Scout Cavalry |
| 10:17 | Construir | Farm |
| 10:22 | Crear | Villager (Male) |
| 10:25 | Construir | Farm |
| 10:35 | Construir | Palisade Wall |
| 10:39 | Crear | Villager (Male) |
| 10:41 | Construir | Farm |
| 10:56 | Construir | House |
| 11:01 | Crear | Villager (Male) |
| 11:07 | Construir | Farm |
| 11:24 | Crear | Spearman |
| 11:30 | Crear | Scout Cavalry |
| 11:36 | Construir | Mining Camp |
| 11:40 | Crear | Villager (Male) |
| 11:42 | Investigar | Loom |
| 11:53 | Crear | Spearman |
| 12:01 | Construir | Palisade Wall |
| 12:07 | Crear | Villager (Male) |
| 12:13 | Crear | Spearman |
| 12:25 | Construir | Farm |
| 12:31 | Construir | Farm |
| 12:39 | Crear | Villager (Male) |
| 12:44 | Crear | Spearman |
| 12:45 | Crear | Spearman |
| 13:09 | Crear | Villager (Male) |
| 13:12 | Construir | Farm |
| 13:25 | Construir | Blacksmith |
| 13:40 | Construir | House |
| 13:48 | Crear | Villager (Male) |
| 14:06 | Construir | Palisade Wall |
| 14:10 | Crear | Villager (Male) |
| 14:14 | Construir | Farm |
| 14:16 | Construir | Farm |
| 14:33 | Construir | House |
| 14:38 | Construir | Palisade Wall |
| 14:39 | Construir | Palisade Wall |
| 14:45 | Crear | Villager (Male) |
| 14:45 | Crear | Villager (Male) |
| 14:48 | Construir | Farm |
| 14:57 | Construir | Farm |
| 15:03 | Construir | Farm |
| 15:21 | Construir | Palisade Wall |
| 15:23 | Construir | Palisade Wall |
| 15:26 | Crear | Villager (Male) |
| 15:38 | Construir | Farm |
| 15:52 | Construir | Farm |
| 15:58 | Crear | Villager (Male) |
| 16:26 | Investigar | Castle Age |
| 16:27 | Investigar | Castle Age |
| 16:33 | Construir | Stable |
| 16:48 | Investigar | Horse Collar |
| 16:48 | Investigar | Horse Collar |
| 16:58 | Construir | Lumber Camp |
| 17:12 | Investigar | Scale Mail Armor |
| 17:23 | Investigar | Forging |
| 17:44 | Investigar | Gold Mining |
| 17:44 | Investigar | Gold Mining |
| 18:29 | Crear | Villager (Male) |
| 19:05 | Investigar | Scale Barding Armor |
| 19:05 | Investigar | Scale Barding Armor |
| 19:06 | Edad | Edad de los Castillos |
| 19:08 | Crear | Camel Scout |
| 19:08 | Crear | Camel Scout |
| 19:14 | Construir | Town Center |
| 19:16 | Crear | Villager (Male) |
| 19:28 | Crear | Camel Scout |
| 19:28 | Crear | Camel Scout |
| 19:35 | Construir | Farm |
| 19:48 | Crear | Camel Scout |
| 19:49 | Crear | Villager (Male) |
| 20:06 | Crear | Camel Scout |
| 20:07 | Crear | Villager (Male) |
| 20:10 | Construir | Farm |
| 20:17 | Construir | Farm |
| 20:21 | Crear | Camel Scout |
| 20:21 | Crear | Camel Scout |
| 20:26 | Investigar | Wheelbarrow |
| 20:26 | Investigar | Wheelbarrow |
| 20:27 | Crear | Villager (Male) |
| 20:27 | Crear | Villager (Male) |
| 20:27 | Crear | Villager (Male) |
| 20:44 | Construir | Building 796 |
| 20:47 | Crear | Camel Scout |
| 20:48 | Crear | Camel Scout |
| 20:59 | Crear | Villager (Male) |
| 20:59 | Crear | Villager (Male) |
| 20:59 | Crear | Villager (Male) |
| 21:03 | Crear | Villager (Male) |
| 21:04 | Crear | Villager (Male) |
| 21:20 | Crear | Camel Scout |
| 21:20 | Crear | Camel Scout |
| 21:20 | Crear | Camel Scout |
| 21:24 | Construir | Farm |
| 21:27 | Construir | Farm |
| 21:29 | Crear | Villager (Male) |
| 21:29 | Crear | Villager (Male) |
| 21:30 | Construir | House |
Build order — 佐久奈·梅墨瓦
Primeras 150 de 581 acciones detectadas
| 0:01 | Crear | Villager (Male) |
| 0:02 | Crear | Villager (Male) |
| 0:02 | Crear | Villager (Male) |
| 0:02 | Crear | Villager (Male) |
| 0:02 | Crear | Villager (Male) |
| 0:03 | Construir | House |
| 0:05 | Construir | House |
| 1:26 | Crear | Villager (Male) |
| 1:26 | Crear | Villager (Male) |
| 1:47 | Construir | Lumber Camp |
| 1:54 | Crear | Villager (Male) |
| 1:54 | Crear | Villager (Male) |
| 1:54 | Crear | Villager (Male) |
| 2:26 | Crear | Villager (Male) |
| 2:26 | Crear | Villager (Male) |
| 2:26 | Crear | Villager (Male) |
| 2:44 | Crear | Villager (Male) |
| 2:58 | Crear | Villager (Male) |
| 2:59 | Crear | Villager (Male) |
| 3:38 | Crear | Villager (Male) |
| 3:38 | Crear | Villager (Male) |
| 3:55 | Construir | House |
| 4:00 | Crear | Villager (Male) |
| 4:00 | Crear | Villager (Male) |
| 4:31 | Construir | Mill |
| 4:33 | Crear | Villager (Male) |
| 4:33 | Crear | Villager (Male) |
| 4:35 | Crear | Villager (Male) |
| 5:05 | Crear | Villager (Male) |
| 5:21 | Crear | Villager (Male) |
| 5:52 | Investigar | Loom |
| 6:48 | Investigar | Feudal Age |
| 6:48 | Investigar | Feudal Age |
| 6:48 | Investigar | Feudal Age |
| 7:28 | Construir | House |
| 7:33 | Crear | Villager (Male) |
| 7:33 | Crear | Villager (Male) |
| 7:59 | Construir | Barracks |
| 8:07 | Construir | Barracks |
| 8:09 | Crear | Villager (Male) |
| 8:58 | Edad | Edad Feudal |
| 9:01 | Construir | Stable |
| 9:03 | Investigar | Double-Bit Axe |
| 9:04 | Crear | Villager (Male) |
| 9:31 | Crear | Villager (Male) |
| 9:36 | Construir | Mill |
| 9:42 | Construir | House |
| 9:50 | Construir | House |
| 9:51 | Crear | Villager (Male) |
| 9:54 | Crear | Scout Cavalry |
| 9:54 | Crear | Scout Cavalry |
| 10:17 | Construir | Farm |
| 10:19 | Construir | Farm |
| 10:26 | Crear | Villager (Male) |
| 10:28 | Crear | Scout Cavalry |
| 10:47 | Crear | Villager (Male) |
| 10:49 | Construir | Farm |
| 11:07 | Construir | House |
| 11:07 | Crear | Villager (Male) |
| 11:23 | Crear | Scout Cavalry |
| 11:32 | Crear | Scout Cavalry |
| 11:32 | Crear | Villager (Male) |
| 11:32 | Crear | Villager (Male) |
| 11:35 | Construir | Blacksmith |
| 11:46 | Crear | Spearman |
| 11:48 | Crear | Villager (Male) |
| 12:03 | Construir | Farm |
| 12:09 | Construir | House |
| 12:12 | Crear | Villager (Male) |
| 12:20 | Crear | Scout Cavalry |
| 12:29 | Crear | Villager (Male) |
| 12:32 | Construir | Farm |
| 12:34 | Construir | Farm |
| 12:42 | Construir | Palisade Wall |
| 12:47 | Construir | Farm |
| 13:02 | Crear | Villager (Male) |
| 13:03 | Crear | Scout Cavalry |
| 13:03 | Crear | Scout Cavalry |
| 13:30 | Crear | Villager (Male) |
| 13:35 | Crear | Villager (Male) |
| 13:38 | Construir | Farm |
| 13:38 | Construir | Farm |
| 13:39 | Construir | Farm |
| 13:47 | Construir | Palisade Wall |
| 13:55 | Crear | Scout Cavalry |
| 14:00 | Construir | Farm |
| 14:03 | Crear | Villager (Male) |
| 14:05 | Construir | Farm |
| 14:27 | Crear | Scout Cavalry |
| 14:30 | Crear | Villager (Male) |
| 14:33 | Construir | Farm |
| 14:39 | Construir | Farm |
| 14:49 | Crear | Scout Cavalry |
| 15:03 | Crear | Villager (Male) |
| 15:06 | Construir | Farm |
| 15:07 | Construir | Farm |
| 15:17 | Crear | Villager (Male) |
| 15:20 | Construir | Farm |
| 15:21 | Construir | Farm |
| 15:22 | Construir | Farm |
| 15:26 | Crear | Villager (Male) |
| 15:32 | Construir | Palisade Wall |
| 15:44 | Construir | House |
| 15:45 | Crear | Villager (Male) |
| 15:51 | Crear | Scout Cavalry |
| 15:56 | Investigar | Scale Barding Armor |
| 15:57 | Investigar | Scale Barding Armor |
| 16:06 | Crear | Villager (Male) |
| 16:10 | Construir | Palisade Wall |
| 16:21 | Crear | Villager (Male) |
| 16:24 | Construir | Mining Camp |
| 16:28 | Crear | Villager (Male) |
| 16:37 | Construir | Palisade Wall |
| 16:43 | Crear | Villager (Male) |
| 16:50 | Crear | Villager (Male) |
| 16:53 | Investigar | Wheelbarrow |
| 16:53 | Investigar | Wheelbarrow |
| 17:10 | Construir | Lumber Camp |
| 17:21 | Crear | Scout Cavalry |
| 17:40 | Construir | Palisade Wall |
| 17:43 | Construir | Palisade Wall |
| 17:44 | Construir | Palisade Wall |
| 17:49 | Crear | Villager (Male) |
| 18:09 | Crear | Scout Cavalry |
| 18:31 | Crear | Villager (Male) |
| 18:36 | Construir | Stable |
| 18:41 | Construir | Stable |
| 19:13 | Investigar | Castle Age |
| 19:27 | Investigar | Horse Collar |
| 19:31 | Construir | Farm |
| 19:32 | Construir | Farm |
| 19:34 | Construir | Farm |
| 19:43 | Construir | House |
| 19:59 | Construir | Farm |
| 20:04 | Investigar | Bloodlines |
| 20:26 | Construir | House |
| 20:30 | Construir | Farm |
| 20:33 | Investigar | Gold Mining |
| 20:43 | Construir | Farm |
| 20:52 | Crear | Villager (Male) |
| 20:53 | Crear | Villager (Male) |
| 21:36 | Construir | House |
| 21:45 | Construir | Stable |
| 21:53 | Edad | Edad de los Castillos |
| 21:55 | Crear | Knight |
| 21:55 | Crear | Knight |
| 21:55 | Crear | Knight |
| 22:11 | Crear | Villager (Male) |
| 22:15 | Construir | House |
| 22:16 | Investigar | Bow Saw |
Build order — Legion64
Primeras 150 de 586 acciones detectadas
| 0:01 | Crear | Villager (Male) |
| 0:01 | Crear | Villager (Male) |
| 0:02 | Construir | House |
| 0:03 | Construir | House |
| 0:06 | Crear | Villager (Male) |
| 0:13 | Crear | Villager (Male) |
| 0:21 | Crear | Villager (Male) |
| 0:25 | Crear | Villager (Male) |
| 0:25 | Crear | Villager (Male) |
| 1:27 | Crear | Villager (Male) |
| 1:28 | Crear | Villager (Male) |
| 1:50 | Crear | Villager (Male) |
| 1:50 | Crear | Villager (Male) |
| 1:59 | Construir | Lumber Camp |
| 2:31 | Crear | Villager (Male) |
| 2:38 | Construir | House |
| 2:53 | Crear | Villager (Male) |
| 2:57 | Crear | Villager (Male) |
| 3:35 | Crear | Villager (Male) |
| 3:54 | Crear | Villager (Male) |
| 4:33 | Construir | Mill |
| 5:09 | Crear | Villager (Male) |
| 5:21 | Crear | Villager (Male) |
| 6:01 | Construir | Mill |
| 6:17 | Crear | Villager (Male) |
| 6:42 | Investigar | Feudal Age |
| 6:42 | Investigar | Feudal Age |
| 7:11 | Construir | House |
| 7:47 | Crear | Villager (Male) |
| 7:54 | Construir | Barracks |
| 8:21 | Crear | Villager (Male) |
| 8:52 | Edad | Edad Feudal |
| 8:53 | Crear | Villager (Male) |
| 8:55 | Construir | Stable |
| 9:10 | Investigar | Double-Bit Axe |
| 9:11 | Investigar | Double-Bit Axe |
| 9:21 | Crear | Villager (Male) |
| 9:34 | Investigar | Horse Collar |
| 9:34 | Investigar | Horse Collar |
| 9:40 | Construir | House |
| 9:41 | Crear | Scout Cavalry |
| 9:42 | Crear | Scout Cavalry |
| 9:53 | Construir | House |
| 10:02 | Construir | Farm |
| 10:03 | Construir | Farm |
| 10:12 | Crear | Scout Cavalry |
| 10:22 | Crear | Villager (Male) |
| 10:45 | Crear | Scout Cavalry |
| 10:48 | Crear | Villager (Male) |
| 10:48 | Investigar | Loom |
| 10:59 | Construir | Farm |
| 11:01 | Construir | Farm |
| 11:03 | Construir | Farm |
| 11:21 | Crear | Villager (Male) |
| 11:22 | Crear | Scout Cavalry |
| 11:31 | Construir | Farm |
| 11:41 | Crear | Villager (Male) |
| 11:46 | Crear | Scout Cavalry |
| 11:57 | Construir | Farm |
| 11:58 | Construir | Farm |
| 12:05 | Crear | Villager (Male) |
| 12:18 | Crear | Scout Cavalry |
| 12:20 | Investigar | Loom |
| 12:20 | Investigar | Loom |
| 12:27 | Construir | House |
| 12:48 | Crear | Scout Cavalry |
| 12:53 | Construir | Blacksmith |
| 13:05 | Crear | Villager (Male) |
| 13:10 | Crear | Villager (Male) |
| 13:12 | Crear | Scout Cavalry |
| 13:18 | Construir | Farm |
| 13:20 | Construir | Farm |
| 13:37 | Investigar | Scale Barding Armor |
| 13:38 | Investigar | Scale Barding Armor |
| 13:42 | Crear | Scout Cavalry |
| 13:48 | Construir | House |
| 13:53 | Crear | Villager (Male) |
| 14:01 | Construir | Farm |
| 14:04 | Construir | Farm |
| 14:16 | Crear | Villager (Male) |
| 14:17 | Crear | Scout Cavalry |
| 14:30 | Construir | Farm |
| 14:31 | Construir | Farm |
| 14:32 | Crear | Villager (Male) |
| 14:45 | Investigar | Forging |
| 14:46 | Investigar | Forging |
| 14:50 | Construir | Farm |
| 15:02 | Construir | House |
| 15:03 | Construir | House |
| 15:09 | Crear | Scout Cavalry |
| 15:15 | Crear | Villager (Male) |
| 15:18 | Crear | Villager (Male) |
| 15:21 | Construir | Farm |
| 15:22 | Construir | Farm |
| 15:32 | Crear | Scout Cavalry |
| 15:52 | Crear | Villager (Male) |
| 15:54 | Construir | Mining Camp |
| 16:00 | Construir | House |
| 16:03 | Construir | Palisade Wall |
| 16:04 | Construir | Palisade Wall |
| 16:08 | Crear | Villager (Male) |
| 16:12 | Crear | Scout Cavalry |
| 16:19 | Crear | Villager (Male) |
| 16:22 | Crear | Scout Cavalry |
| 16:30 | Crear | Villager (Male) |
| 16:37 | Construir | Farm |
| 16:39 | Construir | Farm |
| 16:53 | Investigar | Wheelbarrow |
| 16:53 | Investigar | Wheelbarrow |
| 17:05 | Crear | Villager (Male) |
| 17:06 | Crear | Scout Cavalry |
| 17:25 | Crear | Scout Cavalry |
| 17:28 | Investigar | Bloodlines |
| 17:28 | Investigar | Bloodlines |
| 17:33 | Crear | Villager (Male) |
| 17:35 | Construir | Lumber Camp |
| 17:44 | Crear | Scout Cavalry |
| 18:38 | Construir | Farm |
| 18:40 | Construir | Farm |
| 18:48 | Crear | Villager (Male) |
| 18:53 | Construir | House |
| 18:54 | Construir | Palisade Wall |
| 19:06 | Crear | Scout Cavalry |
| 19:12 | Construir | House |
| 19:12 | Construir | House |
| 19:26 | Crear | Villager (Male) |
| 19:26 | Crear | Scout Cavalry |
| 19:35 | Construir | Farm |
| 19:51 | Crear | Villager (Male) |
| 20:26 | Investigar | Castle Age |
| 20:47 | Investigar | Gold Mining |
| 20:54 | Construir | House |
| 20:55 | Construir | House |
| 20:58 | Construir | Palisade Wall |
| 21:01 | Construir | Palisade Wall |
| 21:17 | Crear | Scout Cavalry |
| 21:22 | Construir | Stable |
| 21:45 | Crear | Scout Cavalry |
| 22:00 | Crear | Scout Cavalry |
| 22:08 | Crear | Villager (Male) |
| 22:09 | Crear | Scout Cavalry |
| 22:26 | Crear | Scout Cavalry |
| 22:40 | Crear | Scout Cavalry |
| 22:49 | Construir | House |
| 22:57 | Construir | Stable |
| 23:02 | Crear | Scout Cavalry |
| 23:06 | Edad | Edad de los Castillos |
| 23:09 | Investigar | Chain Barding Armor |
| 23:09 | Investigar | Light Cavalry (upgrade) |
| 23:10 | Investigar | Light Cavalry (upgrade) |
Build order — AiM | Whocl
Primeras 150 de 471 acciones detectadas
| 0:01 | Crear | Villager (Male) |
| 0:02 | Construir | House |
| 0:04 | Construir | House |
| 0:13 | Crear | Villager (Male) ×3 |
| 1:12 | Investigar | Loom |
| 1:14 | Crear | Villager (Male) |
| 1:40 | Crear | Villager (Male) |
| 1:58 | Crear | Villager (Male) |
| 2:40 | Crear | Villager (Male) |
| 2:51 | Construir | Palisade Wall |
| 2:53 | Construir | Palisade Wall |
| 2:55 | Construir | Palisade Wall |
| 3:01 | Construir | Palisade Wall |
| 3:02 | Construir | Palisade Wall |
| 3:06 | Construir | Lumber Camp |
| 3:11 | Crear | Villager (Male) |
| 3:23 | Construir | Palisade Wall |
| 3:27 | Construir | Palisade Wall |
| 3:37 | Crear | Villager (Male) |
| 3:48 | Construir | Palisade Wall |
| 3:51 | Crear | Villager (Male) |
| 4:11 | Crear | Villager (Male) |
| 4:14 | Construir | House |
| 4:28 | Construir | Palisade Wall |
| 4:41 | Construir | Palisade Wall |
| 4:50 | Crear | Villager (Male) |
| 5:15 | Crear | Villager (Male) |
| 5:39 | Crear | Villager (Male) |
| 5:59 | Construir | House |
| 6:07 | Crear | Villager (Male) |
| 6:29 | Crear | Villager (Male) |
| 6:30 | Construir | Mill |
| 6:58 | Crear | Villager (Male) |
| 7:24 | Crear | Villager (Male) |
| 7:37 | Construir | House |
| 7:47 | Construir | Palisade Wall |
| 7:48 | Construir | Palisade Wall |
| 7:49 | Construir | Palisade Wall |
| 7:50 | Crear | Villager (Male) |
| 8:18 | Investigar | Feudal Age |
| 8:18 | Investigar | Feudal Age |
| 9:15 | Construir | Mining Camp |
| 10:07 | Construir | Barracks |
| 10:31 | Edad | Edad Feudal |
| 10:34 | Crear | Villager (Male) |
| 10:34 | Investigar | Double-Bit Axe |
| 10:54 | Crear | Villager (Male) |
| 11:00 | Construir | Archery Range |
| 11:00 | Crear | Spearman |
| 11:13 | Construir | House |
| 11:14 | Construir | Palisade Wall |
| 11:20 | Crear | Villager (Male) |
| 11:20 | Investigar | Town Watch |
| 11:21 | Crear | Villager (Male) |
| 11:23 | Investigar | Double-Bit Axe |
| 11:35 | Construir | House |
| 11:36 | Construir | Palisade Wall |
| 11:40 | Crear | Archer |
| 11:44 | Crear | Archer |
| 12:01 | Crear | Villager (Male) |
| 12:14 | Construir | Archery Range |
| 12:36 | Crear | Villager (Male) |
| 12:41 | Construir | Blacksmith |
| 12:43 | Crear | Archer |
| 12:47 | Construir | Palisade Wall |
| 12:53 | Construir | Farm |
| 13:05 | Crear | Villager (Male) |
| 13:10 | Crear | Archer |
| 13:12 | Construir | Farm |
| 13:22 | Construir | Farm |
| 13:26 | Construir | Farm |
| 13:27 | Crear | Villager (Male) |
| 13:28 | Crear | Archer |
| 13:32 | Construir | House |
| 13:32 | Construir | House |
| 13:40 | Crear | Archer |
| 13:45 | Crear | Villager (Male) |
| 14:01 | Crear | Archer |
| 14:06 | Crear | Villager (Male) |
| 14:08 | Construir | Farm |
| 14:09 | Construir | Farm |
| 14:13 | Construir | Farm |
| 14:14 | Construir | Farm |
| 14:23 | Construir | House |
| 14:25 | Construir | Palisade Wall |
| 14:25 | Construir | Palisade Wall |
| 14:29 | Construir | House |
| 14:31 | Construir | Palisade Wall |
| 14:32 | Construir | Palisade Wall |
| 14:42 | Construir | Farm |
| 14:43 | Crear | Villager (Male) |
| 14:44 | Crear | Archer |
| 14:54 | Crear | Archer |
| 15:02 | Construir | Palisade Wall |
| 15:17 | Investigar | Fletching |
| 15:25 | Construir | Market |
| 15:28 | Construir | Building 796 |
| 15:38 | Construir | House |
| 15:39 | Construir | Palisade Wall |
| 15:44 | Crear | Archer |
| 15:47 | Crear | Archer |
| 15:53 | Crear | Archer |
| 15:57 | Crear | Villager (Male) |
| 16:06 | Crear | Villager (Male) |
| 16:11 | Crear | Villager (Male) |
| 16:17 | Construir | Watch Tower |
| 16:26 | Crear | Archer |
| 16:27 | Crear | Villager (Male) |
| 16:29 | Construir | Farm |
| 16:43 | Construir | Palisade Wall |
| 16:44 | Construir | Palisade Wall |
| 16:44 | Construir | Palisade Wall |
| 16:46 | Crear | Spearman |
| 16:49 | Construir | Building 804 |
| 16:51 | Construir | House |
| 17:01 | Construir | House |
| 17:05 | Crear | Villager (Male) |
| 17:24 | Construir | House |
| 17:26 | Construir | Palisade Wall |
| 17:27 | Crear | Villager (Male) |
| 17:29 | Construir | Farm |
| 17:32 | Construir | House |
| 17:34 | Construir | Palisade Wall |
| 18:19 | Crear | Villager (Male) |
| 18:30 | Crear | Villager (Male) |
| 18:33 | Construir | House |
| 18:53 | Construir | Farm |
| 18:53 | Construir | Farm |
| 19:06 | Crear | Archer |
| 19:08 | Crear | Villager (Male) |
| 19:10 | Crear | Villager (Male) |
| 19:11 | Construir | Mining Camp |
| 19:12 | Crear | Archer |
| 19:12 | Crear | Archer |
| 19:27 | Construir | Building 796 |
| 19:30 | Crear | Villager (Male) |
| 19:31 | Crear | Villager (Male) |
| 19:48 | Construir | Farm |
| 19:50 | Crear | Archer |
| 19:50 | Crear | Archer |
| 19:52 | Crear | Villager (Male) |
| 19:55 | Construir | House |
| 19:57 | Construir | House |
| 19:58 | Construir | House |
| 20:08 | Crear | Archer |
| 20:12 | Crear | Villager (Male) |
| 20:18 | Crear | Archer |
| 20:24 | Construir | Farm |
| 20:34 | Crear | Archer |
| 20:34 | Crear | Archer |
Build order — E@GLE
Primeras 150 de 214 acciones detectadas
| 0:00 | Crear | Villager (Male) |
| 0:01 | Crear | Villager (Male) |
| 0:01 | Crear | Villager (Male) |
| 0:01 | Crear | Villager (Male) |
| 0:02 | Construir | House |
| 0:04 | Construir | House |
| 1:27 | Crear | Villager (Male) |
| 1:49 | Crear | Villager (Male) |
| 2:22 | Construir | Lumber Camp |
| 2:34 | Crear | Villager (Male) |
| 2:56 | Investigar | Loom |
| 3:04 | Crear | Villager (Male) |
| 3:30 | Crear | Villager (Male) |
| 3:32 | Crear | Villager (Male) |
| 4:35 | Crear | Villager (Male) |
| 4:36 | Crear | Villager (Male) |
| 4:45 | Construir | Lumber Camp |
| 5:05 | Crear | Villager (Male) |
| 5:17 | Construir | House |
| 5:17 | Crear | Villager (Male) |
| 5:33 | Crear | Villager (Male) |
| 6:04 | Crear | Villager (Male) |
| 6:10 | Crear | Villager (Male) |
| 6:16 | Crear | Villager (Male) |
| 6:29 | Construir | House |
| 6:34 | Crear | Villager (Male) |
| 7:35 | Construir | Mining Camp |
| 8:13 | Investigar | Feudal Age |
| 8:50 | Construir | House |
| 8:57 | Construir | Palisade Wall |
| 9:01 | Construir | Palisade Wall |
| 9:02 | Construir | Palisade Wall |
| 9:20 | Construir | Barracks |
| 9:24 | Construir | Barracks |
| 9:42 | Crear | Villager (Male) |
| 10:22 | Edad | Edad Feudal |
| 10:28 | Construir | Archery Range |
| 10:35 | Crear | Villager (Male) |
| 10:40 | Crear | Spearman |
| 10:51 | Construir | Palisade Wall |
| 10:53 | Construir | Palisade Wall |
| 10:59 | Construir | Archery Range |
| 11:03 | Crear | Villager (Male) |
| 11:38 | Crear | Archer |
| 11:39 | Crear | Villager (Male) |
| 11:43 | Construir | Mill |
| 11:48 | Crear | Villager (Male) |
| 12:02 | Crear | Archer |
| 12:02 | Crear | Archer |
| 12:05 | Construir | House |
| 12:20 | Crear | Villager (Male) |
| 12:22 | Construir | Farm |
| 12:38 | Crear | Archer |
| 12:38 | Crear | Archer |
| 12:41 | Construir | House |
| 12:47 | Crear | Villager (Male) |
| 12:58 | Construir | Farm |
| 13:01 | Construir | Palisade Wall |
| 13:14 | Crear | Archer |
| 13:14 | Crear | Archer |
| 13:15 | Crear | Villager (Male) |
| 13:39 | Crear | Villager (Male) |
| 14:04 | Crear | Villager (Male) |
| 14:13 | Construir | Blacksmith |
| 14:17 | Crear | Villager (Male) |
| 14:23 | Construir | House |
| 14:31 | Crear | Villager (Male) |
| 14:39 | Construir | House |
| 14:48 | Crear | Archer ×2 |
| 15:03 | Investigar | Fletching |
| 15:09 | Crear | Archer |
| 15:09 | Crear | Archer |
| 15:11 | Crear | Villager (Male) |
| 15:21 | Construir | Farm |
| 15:28 | Construir | Palisade Wall |
| 15:45 | Crear | Villager (Male) |
| 15:48 | Crear | Archer ×3 |
| 16:10 | Crear | Villager (Male) |
| 16:18 | Crear | Villager (Male) |
| 16:20 | Construir | Farm |
| 16:21 | Construir | Farm |
| 16:24 | Construir | Farm |
| 16:25 | Construir | Farm |
| 16:45 | Crear | Villager (Male) |
| 16:57 | Crear | Archer |
| 16:57 | Crear | Archer |
| 16:58 | Crear | Villager (Male) |
| 17:01 | Construir | Farm |
| 17:03 | Construir | Farm |
| 17:13 | Construir | House |
| 17:16 | Construir | Palisade Wall |
| 17:42 | Crear | Villager (Male) |
| 18:15 | Crear | Villager (Male) |
| 18:27 | Crear | Archer |
| 18:31 | Investigar | Padded Archer Armor |
| 18:31 | Crear | Villager (Male) |
| 18:50 | Crear | Villager (Male) |
| 18:52 | Crear | Archer ×5 |
| 19:11 | Crear | Archer ×5 |
| 19:15 | Crear | Villager (Male) |
| 19:17 | Construir | Farm |
| 19:18 | Construir | Farm |
| 19:19 | Construir | Farm |
| 19:32 | Construir | Market |
| 19:49 | Construir | Farm |
| 19:50 | Crear | Villager (Male) |
| 20:00 | Crear | Archer |
| 20:00 | Crear | Archer |
| 20:01 | Crear | Villager (Male) |
| 20:05 | Construir | House |
| 20:06 | Construir | Palisade Wall |
| 20:38 | Investigar | Castle Age |
| 20:44 | Crear | Archer |
| 20:44 | Crear | Archer |
| 21:02 | Construir | Lumber Camp |
| 21:04 | Construir | House |
| 21:19 | Crear | Skirmisher |
| 21:19 | Crear | Skirmisher |
| 21:39 | Construir | Watch Tower |
| 21:44 | Crear | Skirmisher |
| 21:44 | Crear | Skirmisher |
| 21:55 | Construir | House |
| 22:48 | Crear | Skirmisher |
| 22:48 | Crear | Skirmisher |
| 22:49 | Crear | Skirmisher |
| 23:04 | Crear | Villager (Male) |
| 23:25 | Edad | Edad de los Castillos |
| 23:30 | Crear | Villager (Male) |
| 23:31 | Crear | Villager (Male) |
| 24:04 | Crear | Villager (Male) |
| 24:15 | Crear | Villager (Male) |
| 24:25 | Crear | Villager (Male) |
| 25:10 | Crear | Villager (Male) |
| 25:12 | Crear | Villager (Male) |
| 25:14 | Investigar | Crossbowman (upgrade) |
| 25:15 | Crear | Archer ×3 |
| 25:55 | Crear | Villager (Male) |
| 26:03 | Construir | Town Center |
| 26:12 | Crear | Villager (Male) |
| 26:23 | Construir | Farm |
| 26:35 | Crear | Villager (Male) |
| 26:46 | Crear | Villager (Male) |
| 26:55 | Crear | Archer ×2 |
| 26:59 | Crear | Villager (Male) |
| 27:00 | Construir | Farm |
| 27:15 | Crear | Villager (Male) |
| 27:18 | Crear | Archer |
| 27:26 | Construir | Farm |
| 27:28 | Construir | Farm |
| 27:29 | Construir | Farm |
Build order — KDA HDT
Primeras 150 de 482 acciones detectadas
| 0:01 | Crear | Villager (Male) |
| 0:01 | Crear | Villager (Male) |
| 0:02 | Construir | House |
| 0:05 | Construir | House |
| 0:18 | Crear | Villager (Male) |
| 0:18 | Crear | Villager (Male) |
| 1:25 | Crear | Villager (Male) |
| 1:26 | Crear | Villager (Male) |
| 1:46 | Construir | Lumber Camp |
| 1:53 | Crear | Villager (Male) |
| 1:53 | Crear | Villager (Male) |
| 2:24 | Crear | Villager (Male) |
| 2:25 | Crear | Villager (Male) |
| 2:45 | Crear | Villager (Male) |
| 2:45 | Crear | Villager (Male) |
| 3:14 | Crear | Villager (Male) |
| 3:14 | Crear | Villager (Male) |
| 3:34 | Crear | Villager (Male) |
| 3:53 | Construir | House |
| 4:12 | Crear | Villager (Male) |
| 4:18 | Crear | Villager (Male) |
| 4:19 | Crear | Villager (Male) |
| 4:43 | Crear | Villager (Male) |
| 4:44 | Crear | Villager (Male) |
| 5:19 | Crear | Villager (Male) |
| 5:57 | Crear | Villager (Male) |
| 5:59 | Investigar | Loom |
| 6:00 | Investigar | Loom |
| 6:55 | Investigar | Feudal Age |
| 7:15 | Construir | Mining Camp |
| 8:15 | Construir | House |
| 8:20 | Construir | Palisade Wall |
| 9:02 | Crear | Villager (Male) |
| 9:05 | Edad | Edad Feudal |
| 9:09 | Construir | Archery Range |
| 9:18 | Construir | Archery Range |
| 9:22 | Investigar | Double-Bit Axe |
| 9:22 | Investigar | Double-Bit Axe |
| 9:23 | Crear | Villager (Male) |
| 9:32 | Crear | Villager (Male) |
| 9:43 | Construir | House |
| 10:00 | Crear | Villager (Male) |
| 10:02 | Crear | Archer |
| 10:09 | Crear | Archer |
| 10:24 | Construir | Palisade Wall |
| 10:25 | Crear | Villager (Male) |
| 10:30 | Construir | House |
| 10:34 | Construir | Blacksmith |
| 10:36 | Crear | Archer |
| 10:37 | Crear | Archer |
| 10:45 | Construir | Palisade Wall |
| 10:52 | Crear | Villager (Male) |
| 11:04 | Crear | Villager (Male) |
| 11:14 | Crear | Archer |
| 11:15 | Crear | Archer |
| 11:38 | Construir | House |
| 11:40 | Crear | Archer |
| 11:41 | Crear | Archer |
| 11:42 | Crear | Villager (Male) |
| 12:06 | Investigar | Fletching |
| 12:06 | Investigar | Fletching |
| 12:14 | Construir | Mill |
| 12:17 | Construir | Farm |
| 12:20 | Construir | House |
| 12:29 | Crear | Archer |
| 12:29 | Crear | Archer |
| 12:36 | Crear | Archer |
| 12:36 | Crear | Archer |
| 12:46 | Construir | Farm |
| 12:57 | Crear | Villager (Male) |
| 12:58 | Crear | Villager (Male) |
| 13:04 | Construir | Farm |
| 13:29 | Crear | Villager (Male) |
| 13:31 | Construir | Farm |
| 13:35 | Crear | Archer |
| 13:36 | Crear | Archer |
| 13:36 | Crear | Archer |
| 13:36 | Crear | Archer |
| 13:41 | Crear | Villager (Male) |
| 13:43 | Construir | Farm |
| 13:57 | Construir | House |
| 14:01 | Crear | Villager (Male) |
| 14:11 | Construir | Farm |
| 14:26 | Crear | Villager (Male) |
| 14:33 | Crear | Archer |
| 14:45 | Construir | Farm |
| 14:49 | Construir | Farm |
| 14:52 | Crear | Archer |
| 14:52 | Crear | Archer |
| 14:56 | Crear | Villager (Male) |
| 15:14 | Crear | Archer |
| 15:14 | Crear | Archer |
| 15:16 | Crear | Villager (Male) |
| 15:22 | Crear | Villager (Male) |
| 15:23 | Construir | Farm |
| 15:40 | Crear | Archer |
| 15:44 | Crear | Villager (Male) |
| 15:46 | Construir | Farm |
| 16:06 | Construir | House |
| 16:17 | Crear | Villager (Male) |
| 16:19 | Crear | Archer |
| 16:19 | Crear | Archer |
| 16:30 | Construir | House |
| 16:35 | Crear | Villager (Male) |
| 16:38 | Construir | Farm |
| 17:08 | Construir | Farm |
| 17:19 | Crear | Villager (Male) |
| 17:22 | Construir | House |
| 17:28 | Crear | Archer |
| 17:28 | Crear | Archer |
| 17:32 | Construir | Farm |
| 17:43 | Crear | Archer |
| 17:43 | Crear | Archer |
| 17:55 | Construir | Farm |
| 18:30 | Crear | Villager (Male) |
| 18:40 | Crear | Archer |
| 18:40 | Crear | Archer |
| 19:07 | Investigar | Castle Age |
| 19:07 | Investigar | Castle Age |
| 19:16 | Construir | Lumber Camp |
| 19:26 | Investigar | Horse Collar |
| 19:39 | Investigar | Gold Mining |
| 19:39 | Investigar | Gold Mining |
| 19:39 | Investigar | Gold Mining |
| 19:43 | Crear | Archer |
| 19:43 | Crear | Archer |
| 19:54 | Construir | House |
| 20:26 | Crear | Archer |
| 20:26 | Crear | Archer |
| 20:59 | Investigar | Padded Archer Armor |
| 20:59 | Investigar | Padded Archer Armor |
| 21:15 | Crear | Archer |
| 21:15 | Crear | Archer |
| 21:47 | Edad | Edad de los Castillos |
| 21:50 | Investigar | Crossbowman (upgrade) |
| 21:51 | Investigar | Crossbowman (upgrade) |
| 21:51 | Investigar | Bodkin Arrow |
| 21:51 | Investigar | Bodkin Arrow |
| 22:16 | Crear | Archer |
| 22:17 | Crear | Archer |
| 22:17 | Crear | Villager (Male) |
| 22:20 | Construir | University |
| 22:23 | Crear | Villager (Male) |
| 22:33 | Crear | Archer |
| 22:34 | Crear | Archer |
| 22:41 | Crear | Villager (Male) |
| 22:50 | Crear | Archer |
| 22:50 | Crear | Archer |
| 22:56 | Crear | Villager (Male) |
| 22:57 | Crear | Archer |
Build order — Wolf Knight
Primeras 150 de 372 acciones detectadas
| 0:03 | Crear | Villager (Male) |
| 0:03 | Crear | Villager (Male) |
| 0:03 | Crear | Villager (Male) |
| 0:03 | Crear | Villager (Male) |
| 0:04 | Crear | Villager (Male) |
| 0:05 | Construir | House |
| 0:06 | Construir | House |
| 1:34 | Crear | Villager (Male) |
| 1:34 | Crear | Villager (Male) |
| 1:47 | Construir | Lumber Camp |
| 1:56 | Crear | Villager (Male) |
| 1:56 | Crear | Villager (Male) |
| 2:15 | Crear | Villager (Male) |
| 2:15 | Crear | Villager (Male) |
| 2:53 | Crear | Villager (Male) |
| 3:22 | Crear | Villager (Male) |
| 3:23 | Crear | Villager (Male) |
| 3:48 | Crear | Villager (Male) |
| 3:48 | Crear | Villager (Male) |
| 4:02 | Construir | House |
| 4:18 | Crear | Villager (Male) |
| 4:46 | Construir | Mining Camp |
| 4:57 | Crear | Villager (Male) |
| 5:22 | Crear | Villager (Male) |
| 5:22 | Crear | Villager (Male) |
| 5:29 | Crear | Villager (Male) |
| 5:29 | Investigar | Loom |
| 7:18 | Investigar | Feudal Age |
| 7:18 | Investigar | Feudal Age |
| 7:24 | Construir | House |
| 7:54 | Construir | Barracks |
| 7:59 | Construir | House |
| 8:32 | Crear | Villager (Male) |
| 9:28 | Edad | Edad Feudal |
| 9:32 | Construir | Archery Range |
| 9:37 | Construir | Archery Range |
| 9:40 | Crear | Villager (Male) |
| 9:44 | Investigar | Double-Bit Axe |
| 10:08 | Crear | Villager (Male) |
| 10:21 | Crear | Villager (Male) |
| 10:40 | Crear | Archer |
| 10:40 | Crear | Archer |
| 10:51 | Construir | Blacksmith |
| 10:52 | Construir | House |
| 11:06 | Crear | Villager (Male) |
| 11:13 | Crear | Archer |
| 11:13 | Crear | Archer |
| 11:23 | Construir | House |
| 11:29 | Crear | Villager (Male) |
| 11:34 | Crear | Archer |
| 11:36 | Crear | Archer |
| 11:53 | Crear | Villager (Male) |
| 12:01 | Construir | Mill |
| 12:08 | Construir | House |
| 12:11 | Construir | Palisade Wall |
| 12:16 | Crear | Spearman |
| 12:22 | Crear | Archer |
| 12:22 | Crear | Archer |
| 12:24 | Crear | Villager (Male) |
| 12:44 | Crear | Archer |
| 12:51 | Crear | Villager (Male) |
| 13:04 | Crear | Archer |
| 13:29 | Investigar | Fletching |
| 13:54 | Construir | House |
| 13:59 | Crear | Archer |
| 13:59 | Crear | Archer |
| 14:02 | Crear | Villager (Male) |
| 14:25 | Crear | Villager (Male) |
| 14:43 | Construir | House |
| 15:15 | Crear | Villager (Male) |
| 15:16 | Crear | Archer |
| 15:16 | Crear | Archer |
| 15:22 | Construir | House |
| 15:27 | Crear | Archer |
| 15:27 | Crear | Archer |
| 15:33 | Investigar | Horse Collar |
| 15:36 | Construir | Farm |
| 15:38 | Construir | Farm |
| 15:39 | Construir | Farm |
| 15:40 | Construir | Farm |
| 15:41 | Construir | Farm |
| 15:45 | Construir | Farm |
| 15:49 | Construir | House |
| 15:50 | Construir | House |
| 15:50 | Construir | House |
| 15:53 | Crear | Archer |
| 15:53 | Crear | Archer |
| 16:25 | Crear | Archer |
| 16:26 | Crear | Archer |
| 16:27 | Crear | Villager (Male) |
| 16:41 | Crear | Villager (Male) |
| 16:45 | Construir | Farm |
| 16:47 | Construir | Farm |
| 16:58 | Crear | Villager (Male) |
| 17:02 | Crear | Archer |
| 17:02 | Crear | Archer |
| 17:12 | Construir | Palisade Wall |
| 17:15 | Construir | Palisade Wall |
| 17:28 | Construir | Mill |
| 17:33 | Crear | Villager (Male) |
| 17:40 | Crear | Archer |
| 17:40 | Crear | Archer |
| 17:48 | Crear | Villager (Male) |
| 18:05 | Investigar | Padded Archer Armor |
| 18:28 | Crear | Villager (Male) |
| 18:34 | Construir | Farm |
| 18:39 | Construir | Farm |
| 18:40 | Crear | Villager (Male) |
| 18:50 | Crear | Archer |
| 18:51 | Crear | Archer |
| 19:10 | Crear | Villager (Male) |
| 19:27 | Crear | Archer |
| 19:27 | Crear | Archer |
| 19:32 | Construir | Farm |
| 19:51 | Crear | Villager (Male) |
| 20:03 | Construir | Archery Range |
| 20:05 | Crear | Villager (Male) |
| 20:07 | Crear | Archer |
| 20:08 | Crear | Archer |
| 20:31 | Construir | Farm |
| 20:31 | Crear | Villager (Male) |
| 20:46 | Crear | Archer |
| 20:47 | Crear | Archer |
| 20:58 | Construir | Archery Range |
| 21:01 | Construir | House |
| 21:44 | Investigar | Castle Age |
| 21:48 | Crear | Archer |
| 21:48 | Crear | Archer |
| 21:49 | Crear | Archer |
| 21:49 | Crear | Archer |
| 22:35 | Crear | Archer |
| 22:35 | Crear | Archer |
| 22:35 | Crear | Archer |
| 22:42 | Construir | House |
| 22:47 | Crear | Villager (Male) |
| 22:51 | Construir | House |
| 23:00 | Construir | House |
| 23:08 | Crear | Archer |
| 23:08 | Crear | Archer |
| 23:41 | Construir | Mining Camp |
| 23:50 | Construir | Lumber Camp |
| 23:54 | Crear | Archer |
| 23:54 | Crear | Archer |
| 23:54 | Crear | Archer |
| 24:24 | Edad | Edad de los Castillos |
| 24:26 | Investigar | Crossbowman (upgrade) |
| 24:33 | Investigar | Leather Archer Armor |
| 24:36 | Investigar | Bodkin Arrow |
| 24:37 | Investigar | Bodkin Arrow |
| 24:48 | Crear | Villager (Male) |
Build order — HELLRAZER
Primeras 150 de 474 acciones detectadas
| 0:01 | Crear | Villager (Male) |
| 0:01 | Crear | Villager (Male) |
| 0:01 | Crear | Villager (Male) |
| 0:02 | Crear | Villager (Male) |
| 0:03 | Construir | House |
| 0:04 | Construir | House |
| 1:34 | Crear | Villager (Male) |
| 1:34 | Crear | Villager (Male) |
| 1:35 | Crear | Villager (Male) |
| 1:53 | Crear | Villager (Male) |
| 1:54 | Crear | Villager (Male) |
| 2:14 | Construir | Lumber Camp |
| 2:32 | Crear | Villager (Male) |
| 2:32 | Crear | Villager (Male) |
| 2:32 | Crear | Villager (Male) |
| 2:32 | Crear | Villager (Male) |
| 3:05 | Crear | Villager (Male) |
| 3:06 | Crear | Villager (Male) |
| 3:06 | Crear | Villager (Male) |
| 3:06 | Crear | Villager (Male) |
| 3:47 | Construir | House |
| 3:57 | Crear | Villager (Male) |
| 4:29 | Crear | Villager (Male) |
| 4:29 | Crear | Villager (Male) |
| 4:43 | Construir | Mill |
| 5:27 | Crear | Villager (Male) |
| 5:28 | Crear | Villager (Male) |
| 6:11 | Investigar | Loom |
| 6:48 | Investigar | Feudal Age |
| 7:40 | Construir | Barracks |
| 8:41 | Construir | House |
| 8:48 | Crear | Villager (Male) |
| 8:52 | Crear | Villager (Male) |
| 8:58 | Edad | Edad Feudal |
| 9:05 | Construir | Stable |
| 9:21 | Crear | Villager (Male) |
| 9:24 | Investigar | Double-Bit Axe |
| 9:40 | Investigar | Horse Collar |
| 9:46 | Construir | House |
| 9:51 | Crear | Scout Cavalry |
| 9:51 | Crear | Scout Cavalry |
| 10:11 | Crear | Villager (Male) |
| 10:14 | Crear | Villager (Male) |
| 10:16 | Construir | House |
| 10:50 | Crear | Scout Cavalry |
| 10:55 | Crear | Villager (Male) |
| 10:58 | Construir | Palisade Wall |
| 10:58 | Construir | Palisade Wall |
| 11:01 | Construir | Palisade Wall |
| 11:02 | Construir | Palisade Wall |
| 11:22 | Crear | Scout Cavalry |
| 11:23 | Crear | Villager (Male) |
| 11:23 | Crear | Villager (Male) |
| 11:24 | Crear | Villager (Male) |
| 11:44 | Crear | Scout Cavalry |
| 11:52 | Construir | House |
| 12:15 | Crear | Villager (Male) |
| 12:24 | Crear | Scout Cavalry |
| 12:25 | Crear | Villager (Male) |
| 12:32 | Construir | Farm |
| 12:34 | Construir | Farm |
| 12:35 | Construir | Farm |
| 12:36 | Construir | Farm |
| 12:47 | Crear | Villager (Male) |
| 13:13 | Crear | Villager (Male) |
| 13:15 | Construir | Mining Camp |
| 13:18 | Construir | House |
| 13:26 | Crear | Scout Cavalry |
| 13:51 | Crear | Villager (Male) |
| 14:08 | Crear | Scout Cavalry |
| 14:10 | Crear | Villager (Male) |
| 14:16 | Construir | Blacksmith |
| 14:26 | Crear | Scout Cavalry |
| 14:28 | Crear | Villager (Male) |
| 14:32 | Construir | Farm |
| 14:33 | Construir | Farm |
| 14:34 | Construir | Farm |
| 14:36 | Construir | Farm |
| 14:51 | Construir | House |
| 15:10 | Crear | Villager (Male) |
| 15:20 | Construir | Palisade Wall |
| 15:22 | Construir | Palisade Wall |
| 15:26 | Crear | Villager (Male) |
| 15:34 | Investigar | Bloodlines |
| 15:57 | Construir | Farm |
| 15:58 | Construir | Farm |
| 16:00 | Construir | Farm |
| 16:23 | Crear | Villager (Male) |
| 16:28 | Construir | Farm |
| 16:29 | Construir | Farm |
| 16:30 | Construir | Farm |
| 16:31 | Construir | Farm |
| 16:37 | Investigar | Scale Barding Armor |
| 16:37 | Investigar | Scale Barding Armor |
| 17:02 | Crear | Villager (Male) |
| 17:03 | Crear | Villager (Male) |
| 17:04 | Construir | Farm |
| 17:05 | Construir | Farm |
| 17:26 | Crear | Villager (Male) |
| 18:16 | Crear | Villager (Male) |
| 18:17 | Construir | Farm |
| 18:36 | Construir | Farm |
| 18:37 | Crear | Villager (Male) |
| 18:43 | Construir | Lumber Camp |
| 18:45 | Construir | Farm |
| 18:48 | Construir | Farm |
| 19:19 | Crear | Villager (Male) |
| 19:21 | Construir | Farm |
| 19:25 | Construir | Farm |
| 19:33 | Construir | House |
| 19:36 | Construir | House |
| 19:38 | Construir | Palisade Wall |
| 19:54 | Investigar | Castle Age |
| 19:54 | Investigar | Castle Age |
| 20:01 | Construir | Farm |
| 20:15 | Investigar | Gold Mining |
| 20:27 | Construir | Lumber Camp |
| 20:38 | Construir | Stable |
| 20:57 | Crear | Villager (Male) |
| 21:43 | Investigar | Forging |
| 21:50 | Investigar | Wheelbarrow |
| 21:52 | Crear | Villager (Male) |
| 21:57 | Construir | Stable |
| 22:34 | Edad | Edad de los Castillos |
| 22:36 | Crear | Steppe Lancer |
| 22:36 | Crear | Steppe Lancer |
| 22:37 | Investigar | Husbandry |
| 22:37 | Crear | Steppe Lancer |
| 22:39 | Investigar | Chain Barding Armor |
| 22:47 | Investigar | Iron Casting |
| 22:53 | Crear | Villager (Male) |
| 23:05 | Crear | Steppe Lancer |
| 23:05 | Crear | Steppe Lancer |
| 23:05 | Crear | Steppe Lancer |
| 23:06 | Crear | Steppe Lancer |
| 23:30 | Crear | Villager (Male) |
| 23:37 | Crear | Steppe Lancer |
| 23:37 | Crear | Steppe Lancer |
| 23:37 | Crear | Steppe Lancer |
| 23:46 | Construir | Town Center |
| 23:53 | Crear | Steppe Lancer |
| 23:53 | Crear | Steppe Lancer |
| 24:09 | Crear | Steppe Lancer |
| 24:17 | Investigar | Bow Saw |
| 24:17 | Investigar | Bow Saw |
| 24:20 | Crear | Villager (Male) |
| 24:20 | Crear | Villager (Male) |
| 25:03 | Crear | Steppe Lancer |
| 25:03 | Crear | Steppe Lancer |
| 25:03 | Crear | Steppe Lancer |
Cronología de la partida
| 2:51 | AiM | Whocl · wall_segment Palisade Wall x1 |
| 2:53 | AiM | Whocl · wall_segment Palisade Wall x1 |
| 2:55 | AiM | Whocl · wall_segment Palisade Wall x1 |
| 3:01 | AiM | Whocl · wall_segment Palisade Wall x1 |
| 3:02 | AiM | Whocl · wall_segment Palisade Wall x1 |
| 3:23 | AiM | Whocl · wall_segment Palisade Wall x1 |
| 3:27 | AiM | Whocl · wall_segment Palisade Wall x1 |
| 3:48 | AiM | Whocl · wall_segment Palisade Wall x1 |
| 4:28 | AiM | Whocl · wall_segment Palisade Wall x1 |
| 4:41 | AiM | Whocl · wall_segment Palisade Wall x1 |
| 7:40 | HELLRAZER · first_building Barracks |
| 7:47 | AiM | Whocl · wall_segment Palisade Wall x1 |
| 7:48 | AiM | Whocl · wall_segment Palisade Wall x1 |
| 7:49 | AiM | Whocl · wall_segment Palisade Wall x1 |
| 7:54 | Legion64 · first_building Barracks |
| 7:54 | Wolf Knight · first_building Barracks |
| 7:55 | 灯笼 · first_building Barracks |
| 7:59 | 佐久奈·梅墨瓦 · first_building Barracks |
| 8:20 | KDA HDT · wall_segment Palisade Wall x5 |
| 8:51 | 灯笼 · age_up feudal |
| 8:52 | Legion64 · age_up feudal |
| 8:55 | Legion64 · first_building Stable |
| 8:55 | 灯笼 · first_building Stable |
| 8:57 | E@GLE · wall_segment Palisade Wall x1 |
| 8:58 | 佐久奈·梅墨瓦 · age_up feudal |
| 8:58 | HELLRAZER · age_up feudal |
| 9:01 | 佐久奈·梅墨瓦 · first_building Stable |
| 9:01 | E@GLE · wall_segment Palisade Wall x1 |
| 9:02 | E@GLE · wall_segment Palisade Wall x1 |
| 9:05 | KDA HDT · age_up feudal |
| 9:05 | HELLRAZER · first_building Stable |
| 9:09 | KDA HDT · first_building Archery Range |
| 9:20 | E@GLE · first_building Barracks |
| 9:28 | Wolf Knight · age_up feudal |
| 9:32 | Wolf Knight · first_building Archery Range |
| 9:33 | 灯笼 · wall_segment Palisade Wall x3 |
| 9:58 | 灯笼 · wall_segment Palisade Wall x5 |
| 10:07 | AiM | Whocl · first_building Barracks |
| 10:22 | E@GLE · age_up feudal |
| 10:24 | KDA HDT · wall_segment Palisade Wall x7 |
| 10:28 | E@GLE · first_building Archery Range |
| 10:31 | AiM | Whocl · age_up feudal |
| 10:35 | 灯笼 · wall_segment Palisade Wall x1 |
| 10:45 | KDA HDT · wall_segment Palisade Wall x4 |
| 10:51 | E@GLE · wall_segment Palisade Wall x1 |
| 10:53 | E@GLE · wall_segment Palisade Wall x1 |
| 10:58 | HELLRAZER · wall_segment Palisade Wall x1 |
| 10:58 | HELLRAZER · wall_segment Palisade Wall x1 |
| 11:00 | AiM | Whocl · first_building Archery Range |
| 11:01 | HELLRAZER · wall_segment Palisade Wall x8 |
| 11:02 | HELLRAZER · wall_segment Palisade Wall x6 |
| 11:14 | AiM | Whocl · wall_segment Palisade Wall x4 |
| 11:36 | AiM | Whocl · wall_segment Palisade Wall x7 |
| 12:01 | 灯笼 · wall_segment Palisade Wall x14 |
| 12:11 | Wolf Knight · wall_segment Palisade Wall x13 |
| 12:42 | 佐久奈·梅墨瓦 · wall_segment Palisade Wall x6 |
| 12:47 | AiM | Whocl · wall_segment Palisade Wall x1 |
| 13:01 | E@GLE · wall_segment Palisade Wall x1 |
| 13:47 | 佐久奈·梅墨瓦 · wall_segment Palisade Wall x15 |
| 14:06 | 灯笼 · wall_segment Palisade Wall x1 |
| 14:25 | AiM | Whocl · wall_segment Palisade Wall x7 |
| 14:25 | AiM | Whocl · wall_segment Palisade Wall x1 |
| 14:31 | AiM | Whocl · wall_segment Palisade Wall x11 |
| 14:32 | AiM | Whocl · wall_segment Palisade Wall x6 |
| 14:38 | 灯笼 · wall_segment Palisade Wall x5 |
| 14:39 | 灯笼 · wall_segment Palisade Wall x1 |
| 15:02 | AiM | Whocl · wall_segment Palisade Wall x1 |
| 15:20 | HELLRAZER · wall_segment Palisade Wall x17 |
| 15:21 | 灯笼 · wall_segment Palisade Wall x2 |
| 15:22 | HELLRAZER · wall_segment Palisade Wall x7 |
| 15:23 | 灯笼 · wall_segment Palisade Wall x8 |
| 15:28 | E@GLE · wall_segment Palisade Wall x11 |
| 15:32 | 佐久奈·梅墨瓦 · wall_segment Palisade Wall x5 |
| 15:39 | AiM | Whocl · wall_segment Palisade Wall x1 |
| 16:03 | Legion64 · wall_segment Palisade Wall x5 |
| 16:04 | Legion64 · wall_segment Palisade Wall x9 |
| 16:10 | 佐久奈·梅墨瓦 · wall_segment Palisade Wall x7 |
| 16:37 | 佐久奈·梅墨瓦 · wall_segment Palisade Wall x7 |
| 16:43 | AiM | Whocl · wall_segment Palisade Wall x1 |
| 16:44 | AiM | Whocl · wall_segment Palisade Wall x1 |
| 16:44 | AiM | Whocl · wall_segment Palisade Wall x1 |
| 17:12 | Wolf Knight · wall_segment Palisade Wall x2 |
| 17:15 | Wolf Knight · wall_segment Palisade Wall x2 |
| 17:16 | E@GLE · wall_segment Palisade Wall x20 |
| 17:26 | AiM | Whocl · wall_segment Palisade Wall x1 |
| 17:34 | AiM | Whocl · wall_segment Palisade Wall x1 |
| 17:40 | 佐久奈·梅墨瓦 · wall_segment Palisade Wall x1 |
| 17:43 | 佐久奈·梅墨瓦 · wall_segment Palisade Wall x2 |
| 17:44 | 佐久奈·梅墨瓦 · wall_segment Palisade Wall x9 |
| 18:54 | Legion64 · wall_segment Palisade Wall x8 |
| 19:06 | 灯笼 · age_up castle |
| 19:38 | HELLRAZER · wall_segment Palisade Wall x1 |
| 20:06 | E@GLE · wall_segment Palisade Wall x1 |
| 20:26 | E@GLE · first_market_buy 100 food |
| 20:37 | E@GLE · first_market_sell 100 stone |
| 20:58 | Legion64 · wall_segment Palisade Wall x4 |
| 21:01 | Legion64 · wall_segment Palisade Wall x2 |
| 21:47 | KDA HDT · age_up castle |
| 21:53 | 佐久奈·梅墨瓦 · age_up castle |
| 22:34 | HELLRAZER · age_up castle |
| 23:06 | Legion64 · age_up castle |
| 23:25 | E@GLE · age_up castle |
| 24:24 | Wolf Knight · age_up castle |
| 26:02 | AiM | Whocl · first_building Stable |
| 26:15 | AiM | Whocl · age_up castle |
| 26:24 | Legion64 · first_building Monastery |
| 27:49 | AiM | Whocl · first_building Siege Workshop |
| 28:31 | Wolf Knight · first_building Stable |
| 28:34 | 佐久奈·梅墨瓦 · wall_segment Palisade Wall x1 |
| 29:52 | AiM | Whocl · wall_segment Palisade Wall x1 |
| 31:05 | 灯笼 · first_building Monastery |
| 33:11 | 佐久奈·梅墨瓦 · first_building Monastery |
| 33:14 | KDA HDT · first_building Siege Workshop |
| 35:04 | HELLRAZER · first_building Monastery |
| 35:36 | KDA HDT · age_up imperial |
| 35:40 | 灯笼 · first_building Castle |
| 36:02 | 灯笼 · age_up imperial |
| 36:47 | HELLRAZER · first_building Castle |
| 38:03 | Legion64 · first_building Castle |
| 38:53 | 灯笼 · first_market_sell 100 wood |
| 39:57 | AiM | Whocl · first_building Castle |
| 40:01 | Legion64 · age_up imperial |
| 40:08 | Legion64 · first_market_sell 500 wood |
| 40:14 | 佐久奈·梅墨瓦 · first_market_sell 500 food |
| 40:56 | 佐久奈·梅墨瓦 · wall_segment Stone Wall x1 |
| 41:17 | HELLRAZER · age_up imperial |
| 41:27 | HELLRAZER · first_market_sell 500 wood |
| 42:22 | KDA HDT · first_building Barracks |
| 42:26 | 佐久奈·梅墨瓦 · wall_segment Stone Wall x1 |
| 42:55 | AiM | Whocl · age_up imperial |
| 44:15 | 佐久奈·梅墨瓦 · age_up imperial |
| 44:49 | KDA HDT · first_building Stable |
| 45:03 | 佐久奈·梅墨瓦 · wall_segment Stone Wall x1 |
| 46:09 | HELLRAZER · resign |
| 46:29 | AiM | Whocl · first_market_buy 100 stone |
[ ANÁLISIS IA · 1 CRÉDITO ]
¿Qué pasó realmente en esta partida?
Wolo.gg analiza cada decisión: build order, eco, micro, errores típicos por bracket. Análisis personalizado por WhatsApp o Discord en 30 segundos.
Guía civ
Bizantinos
Perfil
Jugador #353222